Map: Incorporeal LE

Players

GrayWolf

  • Race: Protoss Protoss
  • League: Master
  • Spawn Location: 5:00

ManlyManMeat - Winner!

  • Race: Zerg Zerg
  • Spawn Location: 11:00

VOD

Have the link to the VOD?

Description

Time

  • Played on: May 16, 2025, 9:01 a.m.
  • Length: 10:38
Show
View Real Time Build Order
Export as new Build Order

GrayWolf Protoss 

Build Orders:  

Get SALT Encoding   

  12  0:00  Probe  
  13  0:16  Pylon  
  13  0:18  Probe  
  14  0:30  Probe  
  15  0:36  Gateway  
  15  0:41  Probe  
  15  0:42  Assimilator  
  16  0:51  Probe  
  18  1:04  Probe  
  18  1:16  Probe  
  19  1:26  Cybernetics Core  
  19  1:28  Probe  
  19  1:30  Zealot  
  22  1:38  Pylon  
  22  1:40  Probe  
  23  1:50  Assimilator  
  23  1:52  Warp Gate  
  23  1:56  Probe  
  24  2:10  Adept  
  26  2:16  Probe  
  26  2:18  Pylon  
  27  2:28  Probe  
  28  2:36  Gateway  
  27  2:57  Forge  
  27  2:58  Stalker  
  29  3:22  Probe  
  28  3:42  Nexus  
  28  3:46  Pylon  
  28  3:49  Stalker  
  30  4:02  Probe  
  31  4:03  Photon Cannon  
  31  4:10  Protoss Ground Weapons Level 1  
  31  4:17  Stalker x2  
  35  4:24  Probe  
  35  4:28  Stargate  
  36  4:39  Shield Battery  
  36  4:43  Gateway  
  36  4:45  Probe  
  36  4:47  Pylon  
  37  4:53  Probe  
  37  4:54  Stalker  
  37  4:55  Zealot  
  42  5:03  Probe  
  43  5:12  Twilight Council  
  43  5:15  Probe  
  43  5:17  Zealot  
  46  5:23  Stalker  
  48  5:30  Phoenix  
  40  6:22  Stalker, Probe  
  40  6:23  Stalker x2  
  40  6:25  Probe  
  42  6:30  Probe  
  44  6:33  Probe  
  44  6:34  Gateway  
  44  6:35  Gateway  
  44  6:37  Gateway  
  46  6:45  Photon Cannon  
  46  6:48  Oracle  
  46  6:53  Protoss Ground Weapons Level 2  
  49  6:59  Stalker  
  49  7:00  Stalker x2  
  41  7:48  Phoenix  
  43  7:53  Stalker  
  43  7:54  Stalker x2  
  43  7:55  Stalker, Probe  
  43  7:57  Stalker x2  
  55  8:03  Probe  
  53  8:13  Phoenix  
  53  8:26  Stalker  
  53  8:27  Zealot  
  51  8:35  Phoenix  
  53  8:41  Stalker  
  53  8:42  Probe  
  53  8:45  Assimilator  
  53  8:46  Assimilator  
  56  8:50  Probe, Pylon  
  56  8:52  Phoenix  
  59  9:18  Stalker  
  59  9:19  Stalker x3, Nexus  
  59  9:20  Pylon  
  67  9:26  Probe  
  68  9:36  Stalker x2  
  53  9:52  Zealot x2  
  55  9:53  Zealot x2  
  61  10:00  Pylon  
  61  10:06  Shield Battery  
  57  10:08  Zealot, Pylon  
  57  10:09  Zealot  
  56  10:24  Stalker  
  56  10:25  Stalker x2  
  56  10:26  Stalker  
Show
View Real Time Build Order
Export as new Build Order

ManlyManMeat Zerg - Winner!

Build Orders: Hatch First 

Get SALT Encoding   

  12  0:07  Overlord  
  12  0:18  Drone x2  
  14  0:26  Drone  
  15  0:31  Drone  
  16  0:50  Hatchery  
  16  0:53  Drone  
  17  0:57  Drone  
  17  1:15  Spawning Pool  
  16  1:19  Drone x2  
  16  1:20  Extractor  
  16  1:25  Drone  
  18  1:45  Overlord  
  18  1:48  Drone  
  19  2:02  Queen  
  19  2:03  Queen  
  19  2:06  Zergling x4  
  25  2:13  Drone  
  25  2:15  Drone  
  27  2:23  Drone  
  28  2:35  Drone x3  
  31  2:45  Queen  
  31  2:50  Overlord  
  33  2:52  Zergling x4  
  35  2:59  Zergling x2  
  35  3:00  Metabolic Boost  
  36  3:07  Queen  
  38  3:20  Drone x4  
  38  3:21  Drone x2  
  38  3:25  Overlord  
  44  3:52  Overlord  
  44  3:58  Drone  
  44  3:59  Drone x4  
  49  4:03  Overlord x2  
  49  4:07  Overlord  
  49  4:08  Overlord  
  49  4:12  Hatchery  
  48  4:27  Lair  
  48  4:36  Spore Crawler x2  
  46  4:41  Extractor  
  46  4:42  Extractor  
  44  4:54  Overlord x2  
  44  4:57  Drone  
  44  4:58  Drone x9  
  54  5:06  Queen  
  56  5:15  Overlord x3  
  56  5:17  Drone  
  56  5:18  Overlord  
  56  5:20  Overlord  
  57  5:41  Queen  
  59  5:47  Zergling x12  
  59  5:49  Zergling x6  
  64  5:59  Zergling x18  
  68  6:13  Queen  
  68  6:14  Queen  
  68  6:35  Drone x5  
  73  6:44  Hydralisk Den  
  72  6:49  Spore Crawler  
  72  6:50  Drone x4  
  75  6:57  Evolution Chamber  
  74  7:03  Evolution Chamber  
  74  7:04  Extractor  
  74  7:08  Drone x4  
  74  7:10  Drone x3  
  74  7:12  Drone x3  
  74  7:13  Drone x2  
  79  7:40  Overseer  
  79  7:41  Overseer x2  
  79  7:42  Overseer  
  79  7:50  Hydralisk x13  
  105  7:54  Extractor  
  105  7:55  Extractor  
  103  8:03  Drone x9  
  109  8:05  Overlord x2  
  109  8:07  Overlord x2  
  105  8:15  Queen  
  100  8:34  Hydralisk x7  
  114  8:50  Grooved Spines  
  114  8:54  Zergling x18  
  123  9:12  Queen x3  
  123  9:14  Overlord x2  
  129  9:21  Hydralisk x8  
  139  9:56  Zergling x34  
  156  10:12  Overlord x3  
  156  10:15  Overseer x4  
Tags
 
League
Master
Matchup
PvZ
Spawn Locations
Cross Positions
Add a new tag
Caveats
  • Supply blocks, unpowered buildings, or Contaminate may cause inaccurate times.
  • Supply counts are checked every 10 seconds.